Map: Deathaura LE

Players

lilpuppy

  • Race: Terran Terran
  • League: Platinum
  • Spawn Location: 5:00

Subang - Winner!

  • Race: Zerg Zerg
  • Spawn Location: 11:00

VOD

Have the link to the VOD?

Description

Time

  • Played on: Aug. 27, 2020, 5:44 a.m.
  • Length: 7:58
Show
View Real Time Build Order
Export as new Build Order

lilpuppy Terran 

Build Orders:  

Get SALT Encoding   

  12  0:01  SCV  
  13  0:13  SCV  
  14  0:17  Supply Depot  
  14  0:25  SCV  
  15  0:38  SCV  
  15  0:40  Barracks  
  16  0:44  Refinery  
  16  0:50  SCV  
  17  1:02  SCV  
  18  1:15  SCV, Barracks  
  19  1:27  Marine, Supply Depot  
  19  1:32  Orbital Command  
  20  1:50  Barracks Reactor  
  20  1:51  Barracks  
  20  1:58  SCV  
  21  2:05  Barracks Tech Lab  
  21  2:10  SCV, Supply Depot  
  22  2:22  SCV  
  23  2:26  Marine, Stimpack  
  23  2:27  Marine x2  
  26  2:34  SCV  
  27  2:41  Barracks Tech Lab  
  27  2:44  Marine  
  27  2:45  Marine x2  
  27  2:46  SCV  
  31  2:56  Supply Depot  
  31  2:59  SCV  
  31  3:02  Marine, Combat Shield  
  31  3:03  Marine x2  
  31  3:05  Marine  
  36  3:11  SCV  
  37  3:24  Marauder  
  37  3:26  Marine x2, Marauder  
  43  3:33  Supply Depot  
  43  3:37  SCV  
  44  3:45  Marauder  
  46  3:54  Marauder  
  48  3:56  Marine  
  48  3:57  Marine  
  50  4:09  SCV  
  51  4:15  Marine x2  
  51  4:16  Marine  
  54  4:30  SCV  
  55  4:51  Marine  
  55  5:06  Marauder  
  55  5:28  Marine x2  
  55  5:29  SCV  
  55  5:30  Marauder x2  
  50  5:46  Marine x2  
  52  5:52  Marauder  
  52  5:55  Supply Depot  
  54  6:04  Marine  
  55  6:16  Marine  
  55  6:23  Supply Depot  
  55  6:26  Supply Depot  
  55  6:38  Supply Depot  
  55  6:39  Marine  
  55  6:42  Marine  
  55  6:45  Marauder x2  
  59  6:57  Marine  
  59  7:00  Marine  
  61  7:06  Marauder x2  
  64  7:15  Marine  
  64  7:18  Marine  
  66  7:27  Marauder x2  
  70  7:33  Marine  
  70  7:36  Marine  
Show
View Real Time Build Order
Export as new Build Order

Subang Zerg - Winner!

Build Orders: Hatch First 

Get SALT Encoding   

  12  0:00  Drone  
  13  0:13  Overlord  
  13  0:16  Drone  
  14  0:31  Drone x2  
  16  0:49  Hatchery  
  15  0:52  Drone  
  15  0:55  Drone  
  17  1:00  Drone  
  18  1:09  Extractor  
  17  1:15  Spawning Pool  
  17  1:18  Drone  
  17  1:21  Drone  
  18  1:28  Drone  
  19  1:40  Drone  
  20  1:50  Overlord  
  20  2:02  Queen x2  
  20  2:03  Zergling x4  
  26  2:12  Zergling x2  
  26  2:13  Zergling x2  
  28  2:24  Drone x2  
  28  2:25  Metabolic Boost  
  30  2:35  Overlord  
  30  2:36  Drone  
  31  2:46  Hatchery  
  31  2:48  Drone  
  31  2:51  Drone  
  31  2:57  Drone x2  
  34  3:14  Zergling x10  
  34  3:17  Drone  
  40  3:23  Drone  
  41  3:32  Drone  
  41  3:33  Queen  
  44  3:35  Overlord  
  43  3:42  Evolution Chamber  
  43  3:44  Drone  
  43  3:45  Baneling Nest  
  42  3:49  Drone  
  42  3:53  Queen  
  45  3:56  Drone x4  
  45  3:58  Drone  
  45  4:02  Drone  
  51  4:04  Queen  
  53  4:13  Extractor  
  52  4:20  Drone x5  
  52  4:21  Overlord x2  
  57  4:29  Baneling  
  57  4:34  Zergling x2  
  57  4:35  Extractor  
  56  4:40  Zergling x8  
  60  4:45  Zergling x4  
  62  4:52  Zergling x2  
  62  4:53  Zergling x12  
  62  4:57  Drone  
  69  5:08  Drone x3  
  68  5:15  Baneling x2  
  68  5:16  Lair  
  68  5:20  Zergling x12  
  72  5:29  Zergling x2  
  72  5:30  Zergling x6  
  72  5:31  Overlord x3  
  64  5:40  Zergling x8  
  67  5:50  Zergling x2  
  67  5:51  Zergling x10  
  67  5:53  Drone x2  
  76  5:57  Zergling x10  
  76  5:59  Queen  
  76  6:02  Overlord  
  82  6:06  Drone  
  83  6:16  Drone x6  
  89  6:21  Drone  
  89  6:23  Drone  
  91  6:31  Drone x5  
  96  6:33  Extractor  
  96  6:34  Extractor  
  94  6:49  Drone x9  
  103  6:58  Evolution Chamber  
  102  7:02  Hatchery  
  101  7:10  Zergling x2  
  101  7:11  Zergling x8  
  101  7:13  Baneling x11  
  106  7:26  Extractor  
  106  7:29  Zergling x2  
  106  7:30  Overlord x3  
  108  7:53  Hatchery  
Tags
 
League
Platinum
Matchup
TvZ
Spawn Locations
Cross Positions
Add a new tag
Caveats
  • Supply blocks, unpowered buildings, or Contaminate may cause inaccurate times.
  • Supply counts are checked every 10 seconds.